[ AOE2 MATCH · #494580955 ]
UnrankedCumans vs Koreans
Player's team · LOSS
Rival team · WIN
[ REPLAY ANALYSIS · EXTRACTED FROM THE RECORDED GAME ]
Feudal
8:53
Castle
25:33
Imperial
—
| APM avg | 35.5 |
| APM peak | 75 |
| eAPM avg | 18.3 |
| Villagers / military | 83 / 1 |
Focus
⚔️ 26.5% · 🌾 73.5%
Spearman ×1
Feudal
8:51
Castle
22:34
Imperial
—
| APM avg | 34.5 |
| APM peak | 81 |
| eAPM avg | 16.8 |
| Villagers / military | 54 / 6 |
Focus
⚔️ 32.4% · 🌾 67.6%
War Wagon ×3 · Spearman ×2 · Iron Pagoda ×1
Match map
Initial resources + every placement click. Lines = walls · curves = elevation contours. ◆ gold · ⬟ stone · ● berries · ✦ relic · ◌ wall gap
Your base· Open — unwalled flank
SirW_Noredlac's base· Open — unwalled flank
Smoothed initial terrain · ◌ = detected wall gap · hover for details
Inputs per minute
— niyen - - SirW_Noredlac
Build order — niyen
First 150 of 172 actions detected
| 0:01 | Create | Villager (Male) |
| 0:01 | Create | Villager (Male) |
| 0:02 | Build | House |
| 0:04 | Build | House |
| 0:12 | Create | Villager (Male) |
| 0:12 | Create | Villager (Male) |
| 0:12 | Create | Villager (Male) |
| 0:13 | Create | Villager (Male) |
| 1:34 | Create | Villager (Male) |
| 1:54 | Create | Villager (Male) |
| 1:54 | Create | Villager (Male) |
| 2:08 | Build | Lumber Camp |
| 2:20 | Create | Villager (Male) |
| 2:20 | Create | Villager (Male) |
| 2:45 | Create | Villager (Male) |
| 2:45 | Create | Villager (Male) |
| 3:06 | Create | Villager (Male) |
| 3:06 | Create | Villager (Male) |
| 3:42 | Create | Villager (Male) |
| 3:50 | Build | House |
| 3:50 | Build | House |
| 4:03 | Create | Villager (Male) |
| 4:33 | Create | Villager (Male) |
| 4:51 | Create | Villager (Male) |
| 5:04 | Build | Mill |
| 5:13 | Create | Villager (Male) |
| 5:53 | Research | Loom |
| 5:53 | Research | Loom |
| 6:14 | Create | Villager (Male) |
| 6:39 | Research | Feudal Age |
| 6:40 | Research | Feudal Age |
| 7:44 | Create | Villager (Male) |
| 8:53 | Age | Feudal Age |
| 8:59 | Create | Villager (Male) |
| 9:06 | Build | Town Center |
| 9:16 | Research | Double-Bit Axe |
| 9:27 | Research | Town Watch |
| 9:30 | Build | Outpost |
| 9:57 | Create | Villager (Male) |
| 10:05 | Research | Horse Collar |
| 10:05 | Research | Horse Collar |
| 10:33 | Create | Villager (Male) |
| 10:53 | Create | Villager (Male) |
| 10:57 | Create | Villager (Male) |
| 11:08 | Build | Mining Camp |
| 11:11 | Create | Villager (Male) |
| 11:21 | Build | Farm |
| 11:23 | Build | Farm |
| 11:25 | Create | Villager (Male) |
| 11:26 | Create | Villager (Male) |
| 11:42 | Create | Villager (Male) |
| 11:48 | Create | Villager (Male) |
| 11:54 | Build | House |
| 12:07 | Create | Villager (Male) |
| 12:08 | Create | Villager (Male) |
| 12:31 | Create | Villager (Male) |
| 12:35 | Build | Farm |
| 12:36 | Build | Farm |
| 12:37 | Build | Farm |
| 12:39 | Create | Villager (Male) |
| 12:50 | Create | Villager (Male) |
| 12:57 | Build | Farm |
| 13:06 | Build | House |
| 13:21 | Build | Barracks |
| 13:24 | Create | Villager (Male) |
| 13:36 | Build | Farm |
| 13:49 | Build | Watch Tower |
| 13:50 | Create | Villager (Male) |
| 13:58 | Build | Farm |
| 14:05 | Build | Farm |
| 14:09 | Create | Villager (Male) |
| 14:12 | Build | Farm |
| 14:20 | Build | Outpost |
| 14:31 | Build | Farm |
| 14:33 | Create | Villager (Male) |
| 14:41 | Build | Farm |
| 14:55 | Build | Watch Tower |
| 14:57 | Create | Villager (Male) |
| 15:14 | Build | Watch Tower |
| 15:17 | Create | Villager (Male) |
| 15:29 | Create | Villager (Male) |
| 15:30 | Create | Villager (Male) |
| 15:34 | Build | House |
| 15:34 | Build | House |
| 15:49 | Create | Villager (Male) |
| 15:58 | Build | House |
| 15:59 | Create | Villager (Male) |
| 16:15 | Create | Villager (Male) |
| 16:30 | Create | Villager (Male) |
| 16:38 | Create | Villager (Male) |
| 16:40 | Build | Blacksmith |
| 16:55 | Create | Villager (Male) |
| 17:10 | Build | Farm |
| 17:11 | Create | Villager (Male) |
| 17:25 | Research | Fletching |
| 17:27 | Build | Outpost |
| 17:39 | Create | Villager (Male) |
| 17:42 | Build | Farm |
| 17:43 | Create | Villager (Male) |
| 17:51 | Build | Farm |
| 17:56 | Build | Farm |
| 17:57 | Create | Villager (Male) |
| 18:15 | Create | Villager (Male) |
| 18:20 | Create | Villager (Male) |
| 18:22 | Build | Farm |
| 18:29 | Build | Farm |
| 18:31 | Create | Villager (Male) |
| 18:37 | Build | Farm |
| 18:38 | Build | Farm |
| 18:39 | Build | Farm |
| 18:54 | Create | Villager (Male) |
| 19:04 | Create | Villager (Male) |
| 19:10 | Build | Farm |
| 19:19 | Build | Farm |
| 19:20 | Create | Villager (Male) |
| 19:23 | Build | House |
| 19:24 | Create | Villager (Male) |
| 19:36 | Build | Outpost |
| 19:38 | Create | Villager (Male) |
| 20:03 | Build | House |
| 20:08 | Build | Farm |
| 20:12 | Build | Mill |
| 20:14 | Create | Villager (Male) |
| 20:20 | Build | House |
| 20:36 | Build | Farm |
| 20:37 | Create | Villager (Male) |
| 20:49 | Create | Villager (Male) |
| 21:03 | Build | Outpost |
| 21:04 | Create | Villager (Male) |
| 21:16 | Build | Mining Camp |
| 21:18 | Create | Villager (Male) |
| 21:19 | Create | Villager (Male) |
| 21:26 | Build | Farm |
| 21:29 | Create | Villager (Male) |
| 21:47 | Build | Outpost |
| 21:50 | Create | Villager (Male) |
| 21:53 | Build | Market |
| 22:00 | Build | House |
| 22:04 | Create | Villager (Male) |
| 22:10 | Research | Wheelbarrow |
| 22:10 | Research | Wheelbarrow |
| 22:40 | Create | Spearman |
| 22:53 | Research | Castle Age |
| 22:53 | Research | Castle Age |
| 23:12 | Create | Villager (Male) |
| 23:24 | Build | Palisade Wall |
| 23:26 | Build | Palisade Wall |
| 23:45 | Build | Watch Tower |
| 23:49 | Build | Watch Tower |
| 23:50 | Create | Villager (Male) |
Build order — SirW_Noredlac
First 150 of 156 actions detected
| 0:01 | Create | Villager (Male) |
| 0:01 | Create | Villager (Male) |
| 0:01 | Create | Villager (Male) |
| 0:01 | Create | Villager (Male) |
| 0:02 | Build | House |
| 0:04 | Build | House |
| 1:25 | Create | Villager (Male) |
| 1:26 | Create | Villager (Male) |
| 1:51 | Create | Villager (Male) |
| 1:51 | Create | Villager (Male) |
| 1:51 | Create | Villager (Male) |
| 2:27 | Create | Villager (Male) |
| 2:27 | Create | Villager (Male) |
| 2:27 | Create | Villager (Male) |
| 2:28 | Create | Villager (Male) |
| 2:38 | Build | Lumber Camp |
| 2:58 | Create | Villager (Male) |
| 2:58 | Create | Villager (Male) |
| 2:58 | Create | Villager (Male) |
| 3:35 | Create | Villager (Male) |
| 3:35 | Create | Villager (Male) |
| 3:36 | Create | Villager (Male) |
| 3:57 | Build | House |
| 4:25 | Create | Villager (Male) |
| 4:25 | Create | Villager (Male) |
| 4:26 | Create | Villager (Male) |
| 5:12 | Create | Villager (Male) |
| 5:12 | Create | Villager (Male) |
| 5:38 | Build | Mining Camp |
| 5:44 | Build | Palisade Wall |
| 6:01 | Research | Loom |
| 6:33 | Research | Feudal Age |
| 6:53 | Build | Palisade Wall |
| 7:06 | Build | House |
| 7:15 | Build | House |
| 8:18 | Build | Barracks |
| 8:51 | Age | Feudal Age |
| 9:00 | Create | Spearman |
| 9:05 | Research | Double-Bit Axe |
| 9:07 | Create | Villager (Male) |
| 9:08 | Create | Villager (Male) |
| 9:29 | Create | Villager (Male) |
| 9:39 | Build | Outpost |
| 9:41 | Research | Town Watch |
| 9:44 | Create | Villager (Male) |
| 9:55 | Create | Spearman |
| 10:12 | Build | Watch Tower |
| 10:17 | Build | Palisade Wall |
| 10:18 | Build | Palisade Wall |
| 10:18 | Build | Palisade Wall |
| 10:19 | Build | Palisade Wall |
| 10:20 | Build | Palisade Wall |
| 10:20 | Build | Palisade Wall |
| 10:21 | Build | Palisade Wall |
| 10:21 | Build | Palisade Wall |
| 10:22 | Build | Palisade Wall |
| 10:23 | Build | Palisade Wall |
| 10:23 | Build | Palisade Wall |
| 10:24 | Build | Palisade Wall |
| 10:25 | Build | Palisade Wall |
| 10:26 | Build | Palisade Wall |
| 10:38 | Create | Villager (Male) |
| 10:42 | Build | Mill |
| 10:44 | Create | Villager (Male) |
| 11:07 | Build | Palisade Wall |
| 11:09 | Build | Palisade Wall |
| 11:12 | Build | Palisade Wall |
| 11:17 | Build | Palisade Wall |
| 11:30 | Build | Palisade Wall |
| 11:42 | Build | Watch Tower |
| 11:44 | Create | Villager (Male) |
| 11:52 | Build | House |
| 11:58 | Build | Palisade Wall |
| 12:01 | Create | Villager (Male) |
| 12:02 | Create | Villager (Male) |
| 12:36 | Build | Watch Tower |
| 12:42 | Create | Villager (Male) |
| 12:46 | Build | House |
| 13:10 | Create | Villager (Male) |
| 13:17 | Build | Farm |
| 13:19 | Build | Farm |
| 13:22 | Build | Farm |
| 13:23 | Build | Farm |
| 13:41 | Build | Palisade Wall |
| 13:41 | Build | Palisade Wall |
| 13:42 | Build | Palisade Wall |
| 13:43 | Build | Palisade Wall |
| 13:50 | Create | Villager (Male) |
| 13:59 | Build | Blacksmith |
| 14:07 | Create | Villager (Male) |
| 14:12 | Build | House |
| 14:14 | Build | House |
| 14:16 | Create | Villager (Male) |
| 14:18 | Build | Farm |
| 14:59 | Build | Watch Tower |
| 15:08 | Build | Palisade Wall |
| 15:10 | Build | Palisade Wall |
| 15:19 | Create | Villager (Male) |
| 15:21 | Build | Farm |
| 15:23 | Build | Farm |
| 15:27 | Build | Farm |
| 15:29 | Create | Villager (Male) |
| 15:50 | Research | Fletching |
| 15:51 | Create | Villager (Male) |
| 16:02 | Build | Palisade Wall |
| 16:04 | Build | Palisade Wall |
| 16:04 | Build | Palisade Wall |
| 16:05 | Build | Palisade Wall |
| 16:45 | Create | Villager (Male) |
| 16:47 | Build | Farm |
| 16:54 | Build | Market |
| 17:14 | Create | Villager (Male) |
| 17:14 | Create | Villager (Male) |
| 17:14 | Create | Villager (Male) |
| 17:20 | Build | Mining Camp |
| 17:28 | Build | Palisade Wall |
| 17:31 | Build | Palisade Wall |
| 17:41 | Build | Farm |
| 18:35 | Research | Wheelbarrow |
| 19:13 | Build | Outpost |
| 19:42 | Build | Watch Tower |
| 19:54 | Research | Castle Age |
| 20:30 | Build | Watch Tower |
| 20:47 | Build | Palisade Wall |
| 20:48 | Build | Palisade Wall |
| 20:49 | Build | Palisade Wall |
| 20:50 | Build | Palisade Wall |
| 21:04 | Research | Stone Mining |
| 21:36 | Build | Palisade Wall |
| 21:37 | Build | Palisade Wall |
| 21:37 | Build | Palisade Wall |
| 21:38 | Build | Palisade Wall |
| 21:43 | Create | Villager (Male) |
| 21:47 | Create | Villager (Male) |
| 21:52 | Build | Outpost |
| 22:09 | Build | House |
| 22:28 | Build | Lumber Camp |
| 22:34 | Age | Castle Age |
| 22:41 | Create | Villager (Male) |
| 22:41 | Create | Villager (Male) |
| 23:00 | Build | Castle |
| 23:37 | Build | Castle |
| 23:49 | Build | Palisade Wall |
| 24:02 | Build | Siege Workshop |
| 24:09 | Create | Villager (Male) |
| 24:10 | Create | Villager (Male) |
| 24:11 | Create | Villager (Male) |
| 24:57 | Create | War Wagon |
| 25:01 | Create | Iron Pagoda |
| 25:04 | Create | Villager (Male) |
Match timeline
| 5:44 | SirW_Noredlac · wall_segment Palisade Wall x1 |
| 6:53 | SirW_Noredlac · wall_segment Palisade Wall x1 |
| 8:18 | SirW_Noredlac · first_building Barracks |
| 8:51 | SirW_Noredlac · age_up feudal |
| 8:53 | niyen · age_up feudal |
| 10:17 | SirW_Noredlac · wall_segment Palisade Wall x1 |
| 10:18 | SirW_Noredlac · wall_segment Palisade Wall x1 |
| 10:18 | SirW_Noredlac · wall_segment Palisade Wall x1 |
| 10:19 | SirW_Noredlac · wall_segment Palisade Wall x1 |
| 10:20 | SirW_Noredlac · wall_segment Palisade Wall x1 |
| 10:20 | SirW_Noredlac · wall_segment Palisade Wall x1 |
| 10:21 | SirW_Noredlac · wall_segment Palisade Wall x1 |
| 10:21 | SirW_Noredlac · wall_segment Palisade Wall x1 |
| 10:22 | SirW_Noredlac · wall_segment Palisade Wall x1 |
| 10:23 | SirW_Noredlac · wall_segment Palisade Wall x1 |
| 10:23 | SirW_Noredlac · wall_segment Palisade Wall x1 |
| 10:24 | SirW_Noredlac · wall_segment Palisade Wall x1 |
| 10:25 | SirW_Noredlac · wall_segment Palisade Wall x1 |
| 10:26 | SirW_Noredlac · wall_segment Palisade Wall x1 |
| 11:07 | SirW_Noredlac · wall_segment Palisade Wall x1 |
| 11:09 | SirW_Noredlac · wall_segment Palisade Wall x1 |
| 11:12 | SirW_Noredlac · wall_segment Palisade Wall x1 |
| 11:17 | SirW_Noredlac · wall_segment Palisade Wall x1 |
| 11:30 | SirW_Noredlac · wall_segment Palisade Wall x1 |
| 11:58 | SirW_Noredlac · wall_segment Palisade Wall x17 |
| 13:21 | niyen · first_building Barracks |
| 13:41 | SirW_Noredlac · wall_segment Palisade Wall x1 |
| 13:41 | SirW_Noredlac · wall_segment Palisade Wall x1 |
| 13:42 | SirW_Noredlac · wall_segment Palisade Wall x1 |
| 13:43 | SirW_Noredlac · wall_segment Palisade Wall x1 |
| 15:08 | SirW_Noredlac · wall_segment Palisade Wall x1 |
| 15:10 | SirW_Noredlac · wall_segment Palisade Wall x1 |
| 16:02 | SirW_Noredlac · wall_segment Palisade Wall x1 |
| 16:04 | SirW_Noredlac · wall_segment Palisade Wall x1 |
| 16:04 | SirW_Noredlac · wall_segment Palisade Wall x1 |
| 16:05 | SirW_Noredlac · wall_segment Palisade Wall x1 |
| 17:28 | SirW_Noredlac · wall_segment Palisade Wall x3 |
| 17:31 | SirW_Noredlac · wall_segment Palisade Wall x11 |
| 20:47 | SirW_Noredlac · wall_segment Palisade Wall x1 |
| 20:48 | SirW_Noredlac · wall_segment Palisade Wall x1 |
| 20:49 | SirW_Noredlac · wall_segment Palisade Wall x1 |
| 20:50 | SirW_Noredlac · wall_segment Palisade Wall x1 |
| 21:36 | SirW_Noredlac · wall_segment Palisade Wall x1 |
| 21:37 | SirW_Noredlac · wall_segment Palisade Wall x1 |
| 21:37 | SirW_Noredlac · wall_segment Palisade Wall x1 |
| 21:38 | SirW_Noredlac · wall_segment Palisade Wall x1 |
| 22:34 | SirW_Noredlac · age_up castle |
| 22:51 | niyen · first_market_sell 100 stone |
| 23:00 | SirW_Noredlac · first_building Castle |
| 23:24 | niyen · wall_segment Palisade Wall x1 |
| 23:26 | niyen · wall_segment Palisade Wall x1 |
| 23:49 | SirW_Noredlac · wall_segment Palisade Wall x1 |
| 24:02 | SirW_Noredlac · first_building Siege Workshop |
| 25:33 | niyen · age_up castle |
| 25:37 | niyen · first_building Castle |
| 26:10 | niyen · first_building Monastery |
| 26:36 | niyen · resign |
[ AI ANALYSIS · 1 CREDIT ]
What really happened in this match?
Wolo.gg analyzes every decision: build order, eco, micro, common mistakes by bracket. Personalized analysis on WhatsApp or Discord in 30 seconds.
Civ guide
Cumans
Perfil
Jugador #2978977